 Dungeon Crawl Stone Soup version 0.28.0-1-gb440e238dd (webtiles) character file.

Game seed: 5870756674786110530

180 experimilk the Grasshopper (level 5, -4/43 HPs)
             Began as a Gnoll Warper on Feb 27, 2022.
             Was an Initiate of Hepliaklqana.
             Slain by an ogre (13 damage)
             ... on level 3 of the Dungeon.
             The game lasted 00:09:54 (3598 turns).

experimilk the Grasshopper (Gnoll Warper)           Turns: 3598, Time: 00:09:55

Health: -4/43      AC:  5    Str: 12    XL:     5   Next: 60%
Magic:  12/12      EV: 12    Int: 12    God:    Hepliaklqana [......]
Gold:   104        SH:  0    Dex: 12    Spells: 9/14 levels left

rFire   . . .      SeeInvis .   o - +2 whip (drain)
rCold   . . .      Faith    .   (no shield)
rNeg    . . .      Spirit   .   h - +0 ring mail
rPois   .          Reflect  .   (no helmet)
rElec   .          Harm     .   (no cloak)
rCorr   .          Rampage  .   (no gloves)
Will    .....                   (no boots)
Stlth   +.........              (no amulet)
HPRegen 0.14/turn               (no ring)
MPRegen 0.13/turn               (no ring)

@: no status effects
A: fangs 1, strong nose, distributed training
a: Renounce Religion


You were on level 3 of the Dungeon.
You worshipped Hepliaklqana.
Hepliaklqana was noncommittal.
You visited 1 branch of the dungeon, and saw 3 of its levels.

You collected 104 gold pieces.

Inventory:

Hand Weapons
 g - a +0 short sword of venom
 l - a +0 short sword of flaming
 o - a +2 whip of draining (weapon)
Missiles
 d - 3 boomerangs of dispersal (quivered)
Armour
 b - a +0 leather armour
 h - a +0 ring mail (worn)
 i - a +0 ring mail
Jewellery
 e - a +4 ring of protection
Scrolls
 c - 2 scrolls of blinking
 j - 4 scrolls of teleportation {unknown}
 k - a scroll of enchant armour {unknown}
 n - a scroll of amnesia {unknown}
 p - a scroll of magic mapping {unknown}
Potions
 a - a potion of ambrosia {unknown}
 f - a potion of degeneration {unknown}
 m - a potion of magic {unknown}
 q - a potion of mutation {unknown}


   Skills:
 + Level 4.8 Fighting
 + Level 1.5 Short Blades
 + Level 1.5 Long Blades
 + Level 1.5 Axes
 + Level 1.5 Maces & Flails
 + Level 4.8 Polearms
 + Level 1.5 Staves
 + Level 1.5 Slings
 + Level 1.5 Bows
 + Level 1.5 Crossbows
 + Level 3.0 Throwing
 + Level 3.0 Armour
 + Level 4.8 Dodging
 + Level 1.5 Stealth
 + Level 1.5 Shields
 + Level 1.5 Unarmed Combat
 + Level 5.2 Spellcasting
 + Level 1.2 Conjurations
 + Level 1.2 Hexes
 + Level 1.2 Summonings
 + Level 1.2 Necromancy
 + Level 5.5 Translocations
 + Level 1.2 Transmutations
 + Level 1.2 Fire Magic
 + Level 1.2 Ice Magic
 + Level 1.2 Air Magic
 + Level 1.2 Earth Magic
 + Level 1.2 Poison Magic
 + Level 1.7 Invocations
 + Level 1.5 Evocations


You had 9 spell levels left.
You knew the following spells:

 Your Spells              Type           Power      Damage    Failure   Level
a - Blink                 Tloc           32%        N/A       6%          2
b - Gell's Gravitas       Tloc           16%        N/A       13%         3

Your spell library contained the following spells:

 Spells                   Type           Power      Damage    Failure   Level
 Lesser Beckoning         Tloc           16%        N/A       13%         3
 Teleport Other           Tloc           16%        N/A       13%         3
 Animate Skeleton         Necr           12%        N/A       26%         1
 Pain                     Necr           24%        1d5       26%         1
 Vampiric Draining        Necr           6%         2d6       58%         3
 Manifold Assault         Tloc           16%        N/A       75%         5


Dungeon Overview and Level Annotations

Branches:
Dungeon (3/15)

Altars:
Elyvilon
Hepliaklqana
Nemelex Xobeh


Innate Abilities, Weirdness & Mutations

You have very sharp teeth.
Your uncanny sense of smell can sniff out nearby items.
Your experience applies equally to all skills.


Message History

The quokka barely misses you. The quokka closely misses you.
You hit the quokka.
You kill the quokka!
You hit the kobold. Your bite misses the kobold.
The kobold is severely wounded.
The kobold completely misses you.
You closely miss the kobold.
The kobold is severely wounded.
The kobold hits you but does no damage.
You hit the kobold.
You kill the kobold!
Items here: ( ) ††.
Found 19 sling bullets.
A goblin comes into view. It is wielding a +0 dagger.
The goblin shouts!
A goblin is nearby!
The goblin hits you but does no damage.
You hit the goblin.
You kill the goblin!
You see here a +0 dagger.
An ogre comes into view. It is wielding a +0 giant club.
The ogre shouts!
You barely miss the ogre. The ogre completely misses you.
You barely miss the ogre. The ogre closely misses you.
You hit the ogre. You drain the ogre.
The ogre is moderately wounded.
The ogre hits you with a +0 giant club!!
You hit the ogre.
The ogre is moderately wounded.
You hit the ogre but do no damage. You drain the ogre.
The ogre is heavily wounded.
The ogre hits you with a +0 giant club!
* * * LOW HITPOINT WARNING * * *
You hit the ogre. You drain the ogre.
The ogre is severely wounded.
The ogre barely misses you.
You barely miss the ogre. You bite the ogre, but do no damage.
The ogre is severely wounded.
The ogre hits you with a +0 giant club!
You die...

#..#####.(#... ... #
#.........###.#.... #
##.###........# #
#..#.###### ########
#..#.## # #......# #
#.....#####.#+#......#
#.##....................#
#....###).........<..##..
###....O@.#........#(##..
........###.#........#.##..
....#...# .#........#..'..
........' .# .#....####..
...#....# .# #........ ..
#..... .... #.####### #
..###. .....###.# ### .
.#.......# ### #...###'##
#..


You could see an ogre (drained).

Vanquished Creatures
  Jessica (D:2)
  Natasha (thrice) (D:2)
  2 adders (D:2)
  3 dart slugs
  4 ball pythons
  5 endoplasms
  4 giant cockroaches
  4 goblins
  7 hobgoblins
  3 jackals (D:1)
  3 quokkas
  4 bats
  3 frilled lizards
  5 kobolds
  6 rats
  A spectral goblin (D:2)
58 creatures vanquished.

Notes
Turn   | Place    | Note
-------+----------+-------------------------------------------
     0 | D:1      | experimilk the Gnoll Warper began the quest for the Orb.
     0 | D:1      | Reached XP level 1. HP: 20/20 MP: 6/6
   472 | D:1      | Reached XP level 2. HP: 25/26 MP: 7/7
  1131 | D:1      | Reached XP level 3. HP: 24/31 MP: 9/9
  1140 | D:1      | Reached skill level 5 in Spellcasting
  1685 | D:2      | Noticed Natasha
  1699 | D:2      | Killed Natasha
  1700 | D:2      | Reached skill level 1 in Short Blades
  1700 | D:2      | Reached skill level 1 in Long Blades
  1700 | D:2      | Reached skill level 1 in Axes
  1700 | D:2      | Reached skill level 1 in Maces & Flails
  1700 | D:2      | Reached skill level 1 in Staves
  1700 | D:2      | Reached skill level 1 in Slings
  1700 | D:2      | Reached skill level 1 in Bows
  1700 | D:2      | Reached skill level 1 in Crossbows
  1700 | D:2      | Reached skill level 1 in Stealth
  1700 | D:2      | Reached skill level 1 in Shields
  1700 | D:2      | Reached skill level 1 in Unarmed Combat
  1700 | D:2      | Reached skill level 1 in Invocations
  1700 | D:2      | Reached skill level 1 in Evocations
  1700 | D:2      | Reached XP level 4. HP: 17/38 MP: 11/11
  2180 | D:2      | Learned a level 2 spell: Blink
  2184 | D:2      | Learned a level 3 spell: Gell's Gravitas
  2243 | D:2      | Noticed Natasha
  2254 | D:2      | Noticed Jessica
  2680 | D:2      | Killed Natasha
  2681 | D:2      | Reached skill level 1 in Conjurations
  2681 | D:2      | Reached skill level 1 in Hexes
  2681 | D:2      | Reached skill level 1 in Summonings
  2681 | D:2      | Reached skill level 1 in Necromancy
  2681 | D:2      | Reached skill level 1 in Transmutations
  2681 | D:2      | Reached skill level 1 in Fire Magic
  2681 | D:2      | Reached skill level 1 in Ice Magic
  2681 | D:2      | Reached skill level 1 in Air Magic
  2681 | D:2      | Reached skill level 1 in Earth Magic
  2681 | D:2      | Reached skill level 1 in Poison Magic
  2856 | D:2      | Killed Jessica
  2857 | D:2      | Reached XP level 5. HP: 40/43 MP: 12/12
  3133 | D:2      | Noticed Natasha
  3141 | D:2      | Killed Natasha
  3246 | D:2      | Found a faded altar of an unknown god.
  3458 | D:3      | Found a hazy altar of Hepliaklqana.
  3462 | D:3      | Found a sparkling altar of Nemelex Xobeh.
  3466 | D:3      | Found a white marble altar of Elyvilon.
  3480 | D:3      | Became a worshipper of Hepliaklqana the Forgotten
  3588 | D:3      | Noticed an ogre
  3598 | D:3      | Slain by an ogre

Illustrated notes

Levels and vault maps discovered:
D:1:      zaba_arrival_water, layout_rooms, serial_forest,
          infiniplex_forest_corner_1, infiniplex_forest_3_way,
          infiniplex_forest_side_room, infiniplex_forest_lined_2,
          infiniplex_forest_end_3, infiniplex_forest_zigzag_1,
          infiniplex_forest_clump_tiny, infiniplex_forest_lined_2,
          infiniplex_forest_lined_3_way, infiniplex_forest_lined_4_way
D:2:      layout_basic, dreamdust_ecumenical_altar_drowned_temple,
          minmay_pentomino_z2, uniq_jessica, uniq_natasha
D:3:      layout_basic, minmay_overflow_temple_star_quad

Skill      XL: |  1  2  3  4  5 |
---------------+----------------+-----
Spellcasting   | 5 |  5.2
Short Blades   | 1 |  1.5
Long Blades    | 1 |  1.5
Axes           | 1 |  1.5
Maces & Flails | 1 |  1.5
Staves         | 1 |  1.5
Slings         | 1 |  1.5
Bows           | 1 |  1.5
Crossbows      | 1 |  1.5
Stealth        | 1 |  1.5
Shields        | 1 |  1.5
Unarmed Combat | 1 |  1.5
Invocations    | 1 |  1.7
Evocations     | 1 |  1.5
Conjurations   | 1 |  1.2
Hexes          | 1 |  1.2
Summonings     | 1 |  1.2
Necromancy     | 1 |  1.2
Transmutations | 1 |  1.2
Fire Magic     | 1 |  1.2
Ice Magic      | 1 |  1.2
Air Magic      | 1 |  1.2
Earth Magic    | 1 |  1.2
Poison Magic   | 1 |  1.2
Throwing       | 3 |  3.0
Armour         | 3 |  3.0
Fighting       | |  4.8
Polearms       | |  4.8
Dodging        | |  4.8
Translocations | |  5.5

Action                   |  1- 3 |  4- 6 || total
-------------------------+-------+-------++-------
Melee: Spear             |   121 |     1 ||   122
       Bite              |     7 |     8 ||    15
       Punch             |     1 |       ||     1
       Short sword       |       |    56 ||    56
       Whip              |       |    32 ||    32
Throw: Boomerang         |     2 |       ||     2
  Use: Scroll            |     1 |       ||     1
 Stab: Sleeping          |     1 |       ||     1
Armor: Leather armour    |    24 |     1 ||    25
       Ring mail         |       |    20 ||    20
Dodge: Dodged            |    74 |    43 ||   117
